AoeStats
← Kafaarkasi

Arabia

509166727Analyzed
1v1 RM · 8d ago on Sep 25, 2026· 63m 0s· 2 players
Game mode
Random Map
Map size
Tiny (2 player)
Population
200
Speed
Normal
Resources
Standard
Victory
Conquest
Starting age
Dark Age
Ending age
Imperial Age
RankedLock teamsTeams togetherTeam positionsShared explorationLock speedFull tech treeHidden civsTurbo modeCheats
Victory
Defeat
🇬🇧 Persians · United Kingdom
865
+15
🇹🇷 Sicilians · Türkiye
837
-15
Kafaarkasi
11:13 Feudal Age
11:34 Loom
12:14 Double-Bit Axe
22:12 Castle Age
20:38 Horse Collar
21:03 Padded Archer Armor
20:57 Fletching
23:17 Bow Saw
23:48 Crossbowman
25:27 Scale Mail Armor
27:22 Chain Mail Armor
27:17 Forging
28:53 Wheelbarrow
29:55 Hand Cart
34:07 Leather Archer Armor
33:48 Bodkin Arrow
34:28 Iron Casting
37:38 Imperial Age
38:31 Heavy Plow
38:27 Gold Mining
38:31 Stone Mining
39:15 Plate Mail Armor
40:48 Gold Shaft Mining
43:53 Elite Skirmisher
47:05 Blast Furnace
46:44 Elite Serjeant
48:53 Pikeman
50:44 Halberdier
55:52 Onager
57:21 Squires
MXFXAlpha
8:00 Loom
12:34 Feudal Age
13:03 Stone Mining
14:30 Bloodlines
16:24 Castle Age
15:20 Double-Bit Axe
15:56 Horse Collar
19:03 Bow Saw
21:33 Heavy Plow
21:44 Scale Barding Armor
23:59 Forging
25:07 Wheelbarrow
26:09 Bloodlines
26:05 Town Watch
26:42 Fletching
34:04 Imperial Age
35:54 Bodkin Arrow
37:47 Hoardings
37:35 Conscription
37:31 Husbandry
38:23 Hand Cart
38:37 Town Watch
39:15 Ballistics
40:20 Citadels
42:01 Two-Man Saw
41:16 Cavalier
42:31 Stone Mining
42:31 Gold Mining
44:42 Crop Rotation
46:13 Chain Barding Armor
46:28 Iron Casting
46:39 Savar
49:00 Masonry
50:34 Chemistry
49:30 Murder Holes
49:00 Light Cavalry
49:49 Thumb Ring
50:15 Kamandaran
50:02 Crossbowman
50:22 Elite Skirmisher
52:12 Elite War Elephant
52:20 Hussar
54:14 Architecture
54:39 Scale Mail Armor
55:39 Blast Furnace
55:15 Plate Barding Armor
54:41 Padded Archer Armor
54:51 Squires
54:38 Arson
Connection lost

Rejoining the realm…

Still unreachable

The connection could not be restored.

Session expired

The server has moved on; the page needs a fresh start.